 Dungeon Crawl Stone Soup version 0.27.0-1-g7a089689b8 (webtiles) character file.

Game seed: 7135371839945084651

568 Crazydiamond the Insei (level 7, 0/43 HPs)
             Began as an Octopode Transmuter on Aug 16, 2021.
             Slain by Pikel (2 damage)
             ... on level 4 of the Dungeon.
             The game lasted 00:09:11 (3264 turns).

Crazydiamond the Insei (Octopode Transmuter)        Turns: 3264, Time: 00:09:13

Health: 0/43       AC:  7    Str: 13    XL:     7   Next: 33%
Magic:  10/11      EV: 13    Int: 15    God:
Gold:   235        SH:  0    Dex: 13    Spells: 5/11 levels left

rFire    . . .     SeeInvis .     - Unarmed
rCold    . . .     Faith    .   (no shield)
rNeg     . . .     Spirit   .   c - +2 hat
rPois    .         Reflect  .   (no amulet)
rElec    .         Harm     .   h - ring of willpower
rCorr    .         Rampage  .   q - +4 ring of protection
Will     +....                  (no ring)
Stlth    ++++......             (no ring)
HPRegen  0.14/turn              (no ring)
MPRegen  0.12/turn              (no ring)
                                (no ring)
                                (no ring)

@: no status effects
A: almost no armour, amphibious, 8 rings, camouflage 1, gelatinous body 1,
(nimble swimmer 1), tentacles, tentacle spike 1, strong 1
a: no special abilities


You were on level 4 of the Dungeon.
You visited 1 branch of the dungeon, and saw 4 of its levels.
You also visited: Sewer.

You collected 235 gold pieces.

Inventory:

Missiles
 g - 12 poisoned darts (quivered)
Armour
 c - a +2 hat (worn)
Jewellery
 h - a ring of willpower (left tentacle)
 q - a +4 ring of protection (right tentacle)
Wands
 r - a wand of iceblast (11)
Scrolls
 e - 2 scrolls of blinking {unknown}
 i - a scroll of teleportation {unknown}
 k - 4 scrolls of identify {unknown}
 l - a scroll of fear {unknown}
 m - 2 scrolls of enchant armour {unknown}
 n - a scroll of magic mapping {unknown}
 o - 2 scrolls of enchant weapon {unknown}
 p - a scroll of immolation {unknown}
 s - a scroll of fog {unknown}
Potions
 a - a potion of attraction
 b - a potion of berserk rage
 f - a potion of might


   Skills:
 + Level 1.4 Fighting
 + Level 2.7 Dodging
 + Level 4.9 Stealth
 + Level 6.0 Unarmed Combat
 + Level 2.8 Spellcasting
 + Level 2.5 Transmutations
 + Level 1.7 Poison Magic


You had 5 spell levels left.
You knew the following spells:

 Your Spells              Type           Power      Damage    Failure   Level
a - Beastly Appendage     Tmut           18%        N/A       7%          1
b - Wereblood             Tmut           9%         N/A       11%         2
c - Spider Form           Tmut/Pois      4%         N/A       26%         3

Your spell library contained the following spells:

 Spells                   Type           Power      Damage    Failure   Level
 Passwall                 Tmut/Erth      4%         N/A       19%         2
 Sandblast                Erth           4%         2d4       21%         1
 Poisonous Vapours        Pois/Air       8%         N/A       22%         2
 Corpse Rot               Necr/Air       N/A        N/A       30%         2
 Ice Form                 Ice/Tmut       5%         N/A       77%         4
 Freezing Cloud           Conj/Ice/Air   1%         6-21      99%         5
 Lee's Rapid Deconstruct  Erth           1%         3d5*      99%         5


Dungeon Overview and Level Annotations

Branches:
Dungeon (4/15)              Sewer (visited)
 Temple: D:4-7

Altars:

Annotations:
D:4 Pikel


Innate Abilities, Weirdness & Mutations

You cannot wear most types of armour.
You are amphibious.
You can wear up to eight rings at the same time.
Your skin changes colour to match your surroundings (Stealth+).
Your rubbery body absorbs attacks. (AC +1, EV +1)
((You are camouflaged near water. (Stealth+)))
You have tentacles for arms and can constrict up to eight enemies at once.
One of your tentacles bears a spike.
Your muscles are strong. (Str +2)


Message History

You hit the lemure but do no damage.
The lemure is poisoned.
You closely miss Pikel. The lemure misses you.
You hit Pikel.
Pikel is poisoned.
Pikel is lightly wounded.
Pikel closely misses you.
You barely miss Pikel.
Pikel is lightly wounded.
The lemure closely misses you.
Pikel hits you with a +1 whip of flaming.
Pikel burns you.
You hit Pikel.
Pikel looks as sick as possible!
Pikel is moderately wounded.
The lemure hits you.
You hit Pikel.
Pikel is moderately wounded.
The lemure looks more healthy.
Pikel completely misses you. The lemure closely misses you.
You barely miss Pikel.
Pikel is heavily wounded.
Pikel closely misses you. The lemure hits you but does no damage.
You barely miss Pikel.
Pikel is moderately wounded.
Pikel completely misses you. The lemure completely misses you.
You hit Pikel.
Pikel looks as sick as possible!
Pikel is heavily wounded.
Your transformation has ended.
Your +2 hat unmelds from your body.
Pikel says, "Hell isn't that bad."
Pikel hits you with a +1 whip of flaming.
Pikel burns you. The lemure hits you!
* * * LOW HITPOINT WARNING * * *
You see here a giant cockroach corpse.
You tentacle-slap Pikel but do no damage.
Your grab misses Pikel.
Your tentacle spike misses Pikel.
Your squeeze misses Pikel.
Pikel is heavily wounded.
Pikel hits you with a +1 whip of flaming!
* * * LOW HITPOINT WARNING * * *
Pikel burns you.
You die...

#.......##.#.##...
#5......+......### ##
#.5.....##.###.###
#<####.#####....# ..#..
#....#.# ###.##.#.###..
#####....'.# #...#†>....'..
.......[5#####.##.<..####..
.#.......K..)........# #..
#.#.....#@.(........# #.. #
#.###.#..(...#....# ### #.
###.........### #
....#.###..### #.#.##..
...# #. ###...... # ' #....
. ..... ....


You could see Pikel (extremely poisoned) and a lemure.

Vanquished Creatures
  Sigmund (D:3)
  Eustachio (D:4)
  A water moccasin (Sewer)
  A lemure (D:4)
  Terence (D:3)
  An iguana (D:4)
  2 adders (D:2)
  3 worms
  3 dart slugs
  4 orcs
  8 bats
  5 endoplasms
  6 giant cockroaches
  4 goblins
  6 hobgoblins
  10 jackals
  2 kobolds (D:3)
  4 quokkas
  7 ball pythons
  2 frilled lizards
  6 rats
78 creatures vanquished.

Notes
Turn   | Place    | Note
-------+----------+-------------------------------------------
     0 | D:1      | Crazydiamond the Octopode Transmuter began the quest for
                  | the Orb.
     0 | D:1      | Reached XP level 1. HP: 13/13 MP: 3/3
    53 | D:1      | Reached XP level 2. HP: 8/18 MP: 5/5
   318 | D:1      | Found a faded altar of an unknown god.
   571 | D:1      | Reached XP level 3. HP: 23/23 MP: 6/6
   917 | D:2      | Learned a level 2 spell: Wereblood
   921 | D:2      | Learned a level 3 spell: Spider Form
  1056 | D:2      | Reached skill level 4 in Unarmed Combat
  1317 | D:2      | Reached skill level 1 in Stealth
  1387 | D:2      | Reached XP level 4. HP: 21/28 MP: 3/7
  2063 | D:3      | Noticed Sigmund
  2073 | D:3      | Killed Sigmund
  2074 | D:3      | Reached skill level 5 in Unarmed Combat
  2074 | D:3      | Reached skill level 1 in Poison Magic
  2074 | D:3      | Reached XP level 5. HP: 16/33 MP: 7/9
  2074 | D:3      | Reached XP level 6. HP: 18/38 MP: 7/10
  2336 | D:3      | Noticed Terence
  2345 | D:3      | Killed Terence
  2355 | D:4      | Noticed Eustachio
  2363 | D:4      | Killed Eustachio
  2462 | D:4      | Found a glowing drain.
  2466 | Sewer    | Entered a sewer
  2517 | Sewer    | Noticed a water moccasin
  2528 | Sewer    | Killed a water moccasin
  2529 | Sewer    | Reached XP level 7. HP: 12/43 MP: 8/11
  2530 | Sewer    | Gained mutation: Your muscles are strong. (Str +2) [potion
                  | of mutation]
  2530 | Sewer    | Gained mutation: One of your tentacles bears a spike.
                  | [potion of mutation]
  2535 | Sewer    | HP: 2/43 [poisoned by a water moccasin]
  2908 | D:4      | Reached skill level 6 in Unarmed Combat
  3239 | D:4      | Noticed Pikel
  3264 | D:4      | HP: 2/43 [Pikel (7)]
  3264 | D:4      | Slain by Pikel

Illustrated notes

Levels and vault maps discovered:
D:1:      dpeg_arrival_simpleton_b, layout_basic,
          shapermc_ecumenical_altar_mp_highgroup, serial_bayou_crossing
D:2:      layout_basic, minmay_misc_feat_room, nrook_campfire
D:3:      layout_rooms, uniq_terence, uniq_sigmund
D:4:      layout_basic, mainiacjoe_overflow_alcove_1, gup_sewer_entry_bowl,
          kennysheep_boxes, uniq_pikel, uniq_eustachio

Skill      XL: |  1  2  3  4  5  6  7 |
---------------+----------------------+-----
Unarmed Combat | 4 5 6 |  6.0
Stealth        | 1 3 4 |  4.9
Poison Magic   | 1 |  1.7
Fighting       | |  1.4
Dodging        | |  2.7
Spellcasting   | |  2.8
Transmutations | |  2.5

Action                   |  1- 3 |  4- 6 |  7- 9 || total
-------------------------+-------+-------+-------++-------
Melee: Unarmed           |    71 |    78 |    36 ||   185
       Kick              |     8 |     1 |     4 ||    13
       Constrict         |    19 |    16 |     5 ||    40
       Tentacles         |    11 |    11 |     3 ||    25
       Punch             |     1 |     1 |       ||     2
 Cast: Beastly Appendage |     3 |     1 |       ||     4
       Spider Form       |     3 |     1 |     2 ||     6
  Use: Potion            |       |     2 |     4 ||     6
 Stab: Sleeping          |     6 |     8 |     1 ||    15
Armor: Skin              |     9 |    24 |     4 ||    37
Dodge: Dodged            |    46 |    35 |    33 ||   114
